 Dungeon Crawl Stone Soup version 0.32-a0-711-g016ad743e0 (console) character file.

Game seed: 15428131562392665049

193704 Burana the Scorcher (level 17, 148/148 HPs)
             Began as a Red Draconian Monk on Aug 24, 2023.
             Was the Champion of Ru.
             Quit the game on level 2 of the Snake Pit on Mar 16, 2024.
             The game lasted 04:22:59 (42616 turns).

Burana the Scorcher (Red Draconian Monk)           Turns: 42616, Time: 04:23:00

Health: 148/148    AC: 20    Str: 12    XL:     17   Next: 65%
Magic:  27/27      EV: 28    Int: 18    God:    Ru [******]
Gold:   1582       SH: 16    Dex: 18    Spells: 20/36 levels left

rFire   + + .        h - +5 falchion {flame, rC+++ Int+6 Dex-2}
rCold   + + +        u - +5 kite shield {reflect}
rNeg    + . .        (body armour unavailable)
rPois   +            A - +2 hat
rElec   .            o - +2 cloak
rCorr   .            r - +2 pair of gloves {hurl}
SInv    .            d - +2 pair of boots
Will    +....        K - amulet of magic regeneration Stlth
                     b - ring "Teuliy" {rN+ EV+5 Dex+4}
HPRegen 0.44/turn    E - ring of Xom's Bemusement {rPois rF+ rC++ EV+5 Str-4}
MPRegen 0.20/turn

%: reflection
@: no status effects
A: combustion breath, AC +9, unfitting armour, clumsy 1, fire resistance 1, low
MP 1, cold-blooded, no stealth, inability to use devices, hated by all, no air
magic, no hexes magic, no necromancy magic, disrupted magic 1
}: 1/15 runes: barnacled
a: Combustion Breath, Renounce Religion, Draw Out Power, Power Leap, Apocalypse


You were on level 2 of the Snake Pit.
You worshipped Ru.
Ru was exalted by your worship.
You visited 6 branches of the dungeon, and saw 29 of its levels.
You also visited: Bailey and Volcano.

You collected 2920 gold pieces.
You spent 1338 gold pieces at shops.

Inventory:

Hand Weapons
 h - the +5 falchion of Hyudybru (weapon) {flame, rC+++ Int+6 Dex-2}
   (You found it on level 9 of the Dungeon)

   Int+6:     It affects your intelligence (+6).
   Dex-2:     It affects your dexterity (-2).
   rC+++:     It renders you almost immune to cold.
Missiles
 j - 2 throwing nets
 p - 2 datura-tipped darts
 Q - 6 atropa-tipped darts
Armour
 d - a +2 pair of boots (worn)
 o - a +2 cloak (worn)
 r - a +2 pair of gloves of hurling (worn)
 u - a +5 kite shield of reflection (worn)
 A - a +2 hat (worn)
Jewellery
 b - the ring "Teuliy" (left hand) {rN+ EV+5 Dex+4}
   (You found it on level 4 of the Lair of Beasts)

   [ring of evasion]

   EV+5:      It affects your evasion (+5).
   Dex+4:     It affects your dexterity (+4).
   rN+:       It protects you from negative energy.
 c - a ring of resist corrosion
 e - the ring "Vusuc" {rF+ rN+ Int+2 SInv}
   (You took it off a merfolk impaler on level 4 of the Shoals)

   [ring of protection from fire]

   Int+2:     It affects your intelligence (+2).
   rF+:       It protects you from fire.
   rN+:       It protects you from negative energy.
   SInv:      It lets you see invisible.
 v - a ring of fire
 E - the ring of Xom's Bemusement (right hand) {rPois rF+ rC++ EV+5 Str-4}
   (You found it on level 11 of the Dungeon)

   [ring of evasion]

   EV+5:      It affects your evasion (+5).
   Str-4:     It affects your strength (-4).
   rF+:       It protects you from fire.
   rC++:      It greatly protects you from cold.
   rPois:     It protects you from poison.
 H - a ring of ice
 K - an amulet of magic regeneration (around neck)
 M - a ring of willpower
 P - a +4 ring of protection
 W - a +4 ring of slaying
 X - a ring of protection from fire
 Z - an amulet of regeneration
Talismans
 m - a blade talisman
Scrolls
 k - a scroll of poison
 t - 4 scrolls of fog
 w - 3 scrolls of enchant weapon
 x - a scroll of fear
 C - 3 scrolls of blinking
 D - 5 scrolls of identify
 F - a scroll of torment
 G - 6 scrolls of teleportation
 J - 3 scrolls of revelation
 N - 4 scrolls of enchant armour
 O - a scroll of brand weapon
 R - a scroll of amnesia
 U - 5 scrolls of vulnerability
 Y - 2 scrolls of immolation
Potions
 a - a potion of might
 f - a potion of magic
 g - 3 potions of haste
 i - 4 potions of attraction
 n - a potion of resistance
 q - a potion of invisibility
 s - 8 potions of brilliance
 z - 3 potions of berserk rage
 I - 2 potions of cancellation
 L - 3 potions of mutation
 S - 4 potions of curing
 T - 2 potions of ambrosia
 V - 2 potions of lignification


   Skills:
 + Level 12.6 Fighting
 - Level 2.2(9.2) Short Blades
 - Level 13.9(14.0) Long Blades
 - Level 13.0 Dodging
 * Level 8.9 Shields
 - Level 5.0 Unarmed Combat
 + Level 10.0 Spellcasting
 - Level 9.0 Conjurations
 - Level 15.0 Fire Magic
 - Level 2.0 Earth Magic
 - Level 4.2 Alchemy
 - Level 10.0 Shapeshifting


You had 20 spell levels left.
You knew the following spells:

 Your Spells              Type           Power      Damage    Failure   Level
a - Fugue of the Fallen   Necr           9%         N/A       63%         3
b - Sticky Flame          Fire/Alch      43%        2d8       7%          4
c - Starburst             Conj/Fire      25%        6d8       32%         6
d - Stone Arrow           Conj/Erth      56%        3d10      11%         3

Your spell library contained the following spells:

 Spells                   Type           Power      Damage    Failure   Level
 Magic Dart               Conj           100%       1d8       1%          1
 Searing Ray              Conj           82%        2d7       1%          2
 Volatile Blastmotes      Fire/Tloc      72%        2d16      5%          3
 Ignite Poison            Fire/Alch      43%        N/A       7%          4
 Momentum Strike          Conj/Tloc      50%        3d9       8%          2
 Fulminant Prism          Conj/Alch      16%        3d10      21%         4
 Apportation              Tloc           18%        N/A       30%         1
 Passwall                 Erth           16%        N/A       36%         3
 Blink                    Tloc           18%        N/A       41%         2
 Lesser Beckoning         Tloc           18%        N/A       41%         2
 Iskenderun's Mystic Bla  Conj/Tloc      25%        2d7       41%         4
 Olgreb's Toxic Radiance  Alch           24%        N/A       45%         4
 Irradiate                Conj/Alch      16%        3d17      45%         5
 Leda's Liquefaction      Alch/Erth      10%        N/A       61%         4
 Gell's Gravitas          Tloc           9%         N/A       63%         3
 Teleport Other           Tloc           9%         N/A       63%         3
 Passage of Golubria      Tloc           9%         N/A       95%         4
 Lee's Rapid Deconstruct  Erth           8%         3d7*      97%         5
 Ignition                 Fire           29%        3d9       98%         8
 Bombard                  Conj/Erth      14%        9d3       99%         6
 Lehudib's Crystal Spear  Conj/Erth      14%        10d5      100%        8
 Dazzling Flash           Conj/Hex       Unusable   N/A       N/A         3
 Necrotise                Necr           Unusable   1d5       N/A         1
 Summon Small Mammal      Summ           Unusable   N/A       N/A         1
 Ensorcelled Hibernation  Hex/Ice        Unusable   N/A       N/A         2
 Call Canine Familiar     Summ           Unusable   N/A       N/A         3
 Portal Projectile        Hex/Tloc       Unusable   N/A       N/A         3
 Summon Ice Beast         Ice/Summ       Unusable   N/A       N/A         3
 Swiftness                Air            Unusable   N/A       N/A         3
 Tukima's Dance           Hex            Unusable   N/A       N/A         3
 Arcjolt                  Conj/Air       Unusable   1d22      N/A         5
 Animate Armour           Summ/Erth      Unusable   N/A       N/A         4
 Vhi's Electric Charge    Tloc/Air       Unusable   N/A       N/A         4
 Silence                  Hex/Air        Unusable   N/A       N/A         5
 Summon Mana Viper        Hex/Summ       Unusable   N/A       N/A         5
 Monstrous Menagerie      Summ           Unusable   N/A       N/A         7
 Discord                  Hex            Unusable   N/A       N/A         8
 Maxwell's Capacitive Co  Air            Unusable   ∞         N/A         8

Dungeon Overview and Level Annotations

Branches:
Dungeon (15/15)            Temple (1/1) D:6            Lair (5/5) D:8
 Shoals (4/4) Lair:3        Snake (2/4) Lair:2        Slime (0/5) Lair:5
    Orc (2/2) D:12            Elf (0/3) Orc:2        Vaults (0/5) D:13
 Depths (0/4) D:15         Bailey (visited)         Volcano (visited)

Altars:
Ashenzari
Cheibriados
Dithmenos
Elyvilon
Gozag
Kikubaaqudgha
Makhleb
Nemelex Xobeh
Okawaru
Qazlal
Ru
Sif Muna
Trog
Uskayaw
Vehumet
Wu Jian
Xom
Zin

Shops:
D:3 =   D:8 :   D:13 =   Orc:2 *?(:=   Shoals:1 !   Shoals:2 (

Annotations:
Lair:4 2 transporters, Osajif's ghost, journeyman DESh


Innate Abilities, Weirdness & Mutations

You can breathe blasts of explosive embers.
Your fiery red scales are hard. (AC +9)
You cannot fit into any form of body armour.
You are clumsy. (Dex -2)
Your flesh is heat resistant. (rF+)
Your magical capacity is low. (-10% MP)
You are cold-blooded and may be slowed by cold attacks.
You cannot be stealthy.
You cannot study or use magical devices.
You are hated by all.
You cannot study or cast Air magic.
You cannot study or cast Hexes magic.
You cannot study or cast Necromancy magic.
Your casting is slightly disrupted.


Message History

There is a stone staircase leading up here.
There is a staircase to the Snake Pit here.
You climb downwards.
Welcome back to the Snake Pit!
This branch contains the serpentine rune of Zot.
There is a staircase back to the Lair here.
Done exploring.
(D) Dungeon (T) Temple (L) Lair (A) Shoals (P) Snake Pit (M) Slime Pits (O) Orcish Mines (E) Elven Halls (V) Vaults (U) Depths
Where to? (Tab/Enter - Snake:1, ? - help)
You see here a +0 scale mail.
Things that are here:
a +3 leather armour of fire resistance; a +0 scimitar You see here a +0 robe.
There is a stone staircase leading down here.
You climb downwards.
There is a stone staircase leading up here.
A black mamba is nearby!
Welcome back, Burana the Red Draconian Monk.
Ru says: Cut away your false body!
Press ? for a list of commands and other information.
You block the black mamba's attack.
You slash the black mamba! You burn the black mamba.
The black mamba is heavily wounded.
You redirect the black mamba's attack!
The black mamba bites itself.
You hit the black mamba. You burn the black mamba.
The black mamba is almost dead.
You block the black mamba's attack. x2
You hit the black mamba. You burn the black mamba.
The black mamba is almost dead.
You block the black mamba's attack.
You slash the black mamba! You burn the black mamba.
You kill the black mamba!
Save game and exit?
Your Transmutations skill gained 2 levels and is now at level 6!
Your Alchemy skill gained 4 levels and is now at level 4!
Welcome back, Burana the Red Draconian Monk.
Ru says: Cut away your false body!
Press ? for a list of commands and other information.
Are you sure you want to abandon this character and quit the game? (Confirm with "yes".)

There were no monsters in sight!

Vanquished Creatures
  Jorgrun (Shoals:1)
  Kirke (D:14)
  Frances (Snake:1)
  3 krakens
  Donald (Shoals:1)
  Louise (D:15)
  2 orc warlords
  An ironbound preserver (D:13)
  A formless jellyfish (Shoals:4)
  Nessos (D:13)
  5 dire elephants (Lair:5)
  An ettin (Orc:2)
  Snorg (D:14)
  4 merfolk javelineers (Shoals:4)
  6 merfolk impalers
  11 hydras
  3 merfolk aquamancers
  A merfolk avatar (Shoals:4)
  Erica (D:8)
  A catoblepas (D:11)
  2 ogre magi
  12 two-headed ogres
  3 centaur warriors
  A death knight (D:15)
  6 boulder beetles
  2 tengu warriors
  3 satyrs
  2 alligator snapping turtles
  3 naga warriors (Snake:1)
  3 death yaks (Lair:5)
  2 orc high priests
  Urug (Lair:1)
  A deep troll earth mage (D:15)
  A hell hog (Volcano)
  3 shock serpents (Snake:1)
  A naga sharpshooter (Snake:1)
  A spectral death yak (Lair:5)
  Sonja (D:13)
  A skyshark (Shoals:2)
  9 skeletal warriors
  13 sea snakes
  A spectral anaconda (Lair:5)
  An obsidian statue (Lair:5)
  A lindwurm (Lair:4)
  A swamp dragon (D:10)
  3 deep elf pyromancers
  3 necromancers (Lair:5)
  9 orc knights
  6 ugly things
  19 harpies
  2 orc sorcerers (Orc:2)
  3 salamanders (Volcano)
  3 fauns (Shoals:3)
  3 oklob plants (Lair:5)
  10 cyclopes
  14 manticores
  18 elephants
  4 naga magi (Snake:1)
  A guardian serpent (shapeshifter) (D:13)
  9 merfolk sirens
  2 torpor snails
  9 black mambas
  3 water nymphs
  12 cane toads
  A guardian serpent (Snake:1)
  4 rime drakes
  An efreet (D:11)
  2 unseen horrors
  2 tengu conjurers
  A dire elephant skeleton (Lair:5)
  24 merfolk
  10 komodo dragons
  10 trolls
  2 polar bears (Lair:4)
  7 wind drakes
  2 spectral elephants (Lair:5)
  10 blink frogs
  9 snapping turtles
  5 saltlings (Orc:2)
  2 centaur simulacra
  11 water elementals
  6 wraiths
  2 slime creatures (D:13)
  3 shadows
  A dire elephant simulacrum (Lair:5)
  A human (shapeshifter) (D:13)
  5 vampires
  7 wyverns
  63 yaks
  A hog (D:14)
  10 basilisks
  2 humans (D:14)
  2 fire bats (Volcano)
  7 steam dragons
  9 vampire mosquitoes
  3 wargs
  Menkaure (D:6)
  A death yak simulacrum (Lair:5)
  2 acid dragons
  15 nagas
  Duvessa (D:6)
  25 orc warriors
  20 water moccasins
  2 ice beasts (D:7)
  8 ogres
  3 black bears
  An elephant zombie (Lair:5)
  3 boggarts (D:14)
  5 centaurs
  2 elephant skeletons (Lair:5)
  Blork the orc (D:6)
  13 bullfrogs
  3 kobold brigands
  4 scorpions
  2 cane toad simulacra (Lair:5)
  12 wights
  Dowan (D:6)
  12 killer bees
  5 electric eels (D:12)
  2 howler monkeys (D:7)
  A crimson imp (D:4)
  A hound (D:7)
  2 jellies
  14 orc priests
  2 gnoll boudas
  Jessica (D:2)
  7 hell rats (Lair:3)
  3 iguanas
  22 orc wizards
  2 sleepcaps
  Natasha (thrice) (D:2)
  15 gnolls
  7 adders
  A shadow imp (D:5)
  2 white imps
  3 ufetubi
  2 ribbon worms
  3 dart slugs
  80 orcs
  10 ball pythons
  6 endoplasms
  2 giant cockroaches
  13 goblins
  11 hobgoblins
  6 jackals
  21 kobolds
  5 quokkas
  6 bats
  3 frilled lizards
  6 rats
  5 tentacles
889 creatures vanquished.

Vanquished Creatures (others)
  2 two-headed ogres
  2 skeletal warriors
  A harpy (Shoals:4)
  2 manticores (Shoals:3)
  A cyclops (D:13)
  A rime drake (Shoals:4)
  A komodo dragon (Lair:4)
  A troll (D:13)
  A merfolk (Shoals:4)
  A yak (D:9)
  An ogre (Orc:2)
  2 centaurs
  A boggart (D:14)
  An orc wizard (Orc:2)
  An orc (Orc:2)
  31 tentacles
50 creatures vanquished.

Grand Total: 939 creatures vanquished

Notes
Turn   | Place    | Note
-------+----------+-------------------------------------------
     0 | D:1      | Burana the Draconian Monk began the quest for the Orb.
     0 | D:1      | Reached XP level 1. HP: 19/19 MP: 1/1
    73 | D:1      | Reached XP level 2. HP: 26/27 MP: 2/2
   309 | D:1      | Reached XP level 3. HP: 31/33 MP: 3/3
   620 | D:2      | Reached skill level 1 in Short Blades
   642 | D:2      | Noticed Natasha
   652 | D:2      | Killed Natasha
   653 | D:2      | Reached skill level 5 in Fighting
   653 | D:2      | Reached XP level 4. HP: 35/42 MP: 1/4
   922 | D:2      | Noticed Jessica
   935 | D:2      | Killed Jessica
   936 | D:2      | Reached XP level 5. HP: 46/48 MP: 0/5
   975 | D:2      | Identified the +1 robe of the Taurataur {rF+ Str-4 Int+5}
  1125 | D:2      | Noticed Natasha
  1133 | D:2      | Killed Natasha
  1154 | D:2      | Noticed Natasha
  1162 | D:2      | Killed Natasha
  1358 | D:3      | Found Feygaici's Jewellery Emporium.
  1494 | D:3      | Identified the +5 ring mail "Wechotte" {*Corrode rC+ Int+3
                  | Slay+2}
  1594 | D:3      | Found a faded altar of an unknown god.
  1657 | D:3      | Reached XP level 6. HP: 45/58 MP: 6/6
  1866 | D:3      | Found a sparkling altar of Nemelex Xobeh.
  2217 | D:4      | Found a radiant altar of Vehumet.
  2218 | D:4      | Found a burning altar of Makhleb.
  2663 | D:4      | Your scales start taking on a fiery red colour.
  2663 | D:4      | Reached XP level 7. HP: 37/68 MP: 7/7
  2663 | D:4      | Gained mutation: Your flesh is heat resistant. (rF+) [Red
                  | Draconian growth]
  3344 | D:5      | Entered Level 5 of the Dungeon
  3393 | D:5      | Identified the +0 chain mail "Jekan" {Harm Will+}
  3815 | D:5      | Reached skill level 1 in Shapeshifting
  4256 | D:6      | Reached XP level 8. HP: 76/78 MP: 8/8
  4481 | D:6      | Noticed Dowan
  4481 | D:6      | Noticed Duvessa
  4502 | D:6      | Killed Duvessa
  4502 | D:6      | Killed Dowan
  4503 | D:6      | Reached skill level 5 in Shapeshifting
  4757 | D:6      | Noticed Menkaure
  4771 | D:6      | Killed Menkaure
  5015 | D:6      | Noticed Blork the orc
  5049 | D:6      | Killed Blork the orc
  5070 | D:6      | Reached XP level 9. HP: 57/84 MP: 9/9
  5126 | D:6      | Reached skill level 1 in Stealth
  5226 | D:6      | Reached skill level 1 in Unarmed Combat
  5477 | D:6      | Found a staircase to the Ecumenical Temple.
  5541 | Temple   | Entered the Ecumenical Temple
  5558 | Temple   | Became a worshipper of Ru the Awakened
  5575 | D:6      | Gained mutation: Your casting is slightly disrupted. [Ru
                  | sacrifice]
  6115 | D:7      | Found a large runed translucent door.
  6117 | D:7      | Found a large runed translucent door.
  6117 | D:7      | Noticed a manticore
  6218 | D:7      | Found a large runed translucent door.
  6218 | D:7      | Found a large runed translucent door.
  6297 | D:7      | Found a shadowy altar of Dithmenos.
  6343 | D:7      | Reached skill level 5 in Dodging
  6502 | D:7      | Reached XP level 10. HP: 70/91 MP: 10/10
  6647 | D:7      | Identified the staff "Wodghulou" {+Blink rF+ rC+ Str+3
                  | Dex-5 Ice}
  6749 | D:7      | Killed a manticore
  7186 | D:8      | Reached skill level 5 in Unarmed Combat
  7243 | D:8      | Found Amet's Book Shop.
  7356 | D:8      | Found a staircase to the Lair.
  7804 | D:8      | Noticed Erica
  7815 | D:8      | Killed Erica
  7870 | D:8      | Reached skill level 10 in Shapeshifting
  7900 | D:8      | You fall into a shaft and drop 2 floors!
  7900 | D:10     | Entered Level 10 of the Dungeon
  7911 | D:10     | Gained mutation: You cannot be stealthy. [Ru sacrifice]
  7911 | D:10     | Reached * piety under Ru
  7956 | D:9      | Identified the +5 falchion of Hyudybru {flame, rC+++ Int+6
                  | Dex-2}
  8000 | D:9      | Found a flagged portal.
  8045 | Bailey   | Entered a bailey
  8050 | Bailey   | Noticed an orc warlord
  8123 | Bailey   | Found a runed translucent gate.
  8125 | Bailey   | Found a runed translucent gate.
  8130 | Bailey   | Found a runed translucent gate.
  8134 | Bailey   | Noticed an orc knight
  8146 | Bailey   | Killed an orc knight
  8147 | Bailey   | Reached XP level 11. HP: 80/97 MP: 11/11
  8378 | Bailey   | Killed an orc warlord
  8664 | D:8      | Reached skill level 5 in Long Blades
  9282 | D:9      | Reached skill level 10 in Fighting
 10135 | D:10     | Noticed a two-headed ogre
 10145 | D:10     | Killed a two-headed ogre
 10340 | D:10     | Noticed a two-headed ogre
 10363 | D:10     | Killed a two-headed ogre
 10747 | D:10     | Gained mutation: You are hated by all. [Ru sacrifice]
 10747 | D:10     | Reached ** piety under Ru
 10747 | D:10     | Reached *** piety under Ru
 10876 | D:10     | Identified the +6 scimitar "Jasiol" {venom, Will+ Str+3
                  | Dex-4}
 10884 | D:10     | Noticed a green ugly thing
 11191 | D:8      | Bought a book of Changes for 288 gold pieces
 11197 | D:8      | Learned a level 3 spell: Fugue of the Fallen
 11197 | D:8      | Reached XP level 12. HP: 112/112 MP: 11/17
 11857 | D:10     | Noticed a two-headed ogre
 11866 | D:10     | Killed a two-headed ogre
 11867 | D:10     | Reached XP level 13. HP: 88/118 MP: 18/18
 11890 | D:10     | Reached skill level 10 in Dodging
 12007 | Lair:1   | Entered Level 1 of the Lair of Beasts
 12311 | Lair:1   | Learned a level 4 spell: Sticky Flame
 12352 | Lair:1   | Reached skill level 1 in Fire Magic
 12713 | Lair:1   | Reached skill level 2 in Fire Magic
 12776 | Lair:1   | Noticed Urug
 12787 | Lair:1   | Killed Urug
 12788 | Lair:1   | Reached skill level 3 in Fire Magic
 13918 | Lair:2   | Reached skill level 4 in Fire Magic
 13964 | Lair:2   | Found a staircase to the Snake Pit.
 14322 | Lair:2   | Reached skill level 5 in Fire Magic
 14880 | Lair:2   | Reached skill level 6 in Fire Magic
 15863 | Lair:3   | Found the +6 lightning scales {swift, rElec}
 15879 | Lair:3   | Identified the +0 plate armour of the Kettle-Drum {rF+}
 16064 | Lair:3   | Reached skill level 1 in Conjurations
 16389 | Lair:4   | Reached skill level 7 in Fire Magic
 16462 | Lair:4   | Found a dark tunnel.
 16472 | Volcano  | Entered a volcano
 16626 | Volcano  | HP: 4/115 [something (6)]
 17209 | Volcano  | Gained mutation: You cannot study or use magical devices.
                  | [Ru sacrifice]
 17209 | Volcano  | Reached **** piety under Ru
 17494 | Lair:4   | Reached skill level 8 in Fire Magic
 18004 | Lair:4   | Reached XP level 14. HP: 103/126 MP: 14/19
 18126 | Lair:4   | Found a transporter.
 18130 | Lair:4   | Found a transporter.
 18130 | Lair:4   | Noticed Osajif's ghost (journeyman DESh)
 18165 | Lair:4   | Reached skill level 10 in Long Blades
 18767 | Lair:4   | Reached skill level 9 in Fire Magic
 18964 | Lair:4   | Identified the ring "Teuliy" {rN+ EV+5 Dex+4}
 19526 | Lair:5   | Entered Level 5 of the Lair of Beasts
 19560 | Lair:5   | Learned a level 6 spell: Starburst
 19763 | Lair:5   | Gained mutation: Your magical capacity is low. (-10% MP)
                  | [Ru sacrifice]
 19763 | Lair:5   | Reached ***** piety under Ru
 19909 | Lair:5   | Reached skill level 10 in Fire Magic
 20304 | Lair:5   | Found a staircase to the Slime Pits.
 21496 | Lair:5   | Reached skill level 5 in Spellcasting
 23041 | Lair:5   | Reached skill level 5 in Conjurations
 23267 | Lair:5   | Identified the +1 robe of the Accordion {rCorr}
 23495 | Lair:5   | Reached skill level 11 in Fire Magic
 23538 | Lair:5   | Gained mutation: You cannot study or cast Air magic. [Ru
                  | sacrifice]
 23538 | Lair:5   | Gained mutation: You cannot study or cast Hexes magic. [Ru
                  | sacrifice]
 23538 | Lair:5   | Gained mutation: You cannot study or cast Necromancy magic.
                  | [Ru sacrifice]
 24829 | D:10     | Found a glowing silver altar of Zin.
 24978 | D:10     | Reached XP level 15. HP: 120/133 MP: 18/21
 25145 | D:11     | Reached skill level 1 in Shields
 25430 | D:11     | Identified the ring of Xom's Bemusement {rPois rF+ rC++
                  | EV+5 Str-4}
 25510 | D:11     | Found the +8 longbow "Zephyr" {speed, Dex+3 SInv}
 25548 | D:11     | Identified the +1 ring mail "Kiemace" {Dex+3}
 25901 | D:11     | Upgraded the game from 0.31-a0-626-g8143ab4f1d to
                  | 0.31-a0-631-g285b096dc4
 26942 | D:12     | Found a staircase to the Orcish Mines.
 27508 | Orc:1    | Entered Level 1 of the Orcish Mines
 27675 | Orc:2    | Entered Level 2 of the Orcish Mines
 27675 | Orc:2    | Found Buetioje's Assorted Antiques.
 27718 | Orc:2    | Bought a scroll of blinking for 240 gold pieces
 27722 | Orc:2    | Bought a scroll of teleportation for 96 gold pieces
 28335 | Orc:2    | Found a staircase to the Elven Halls.
 28804 | Orc:2    | Reached skill level 12 in Fire Magic
 29144 | Orc:2    | Reached skill level 5 in Shields
 29251 | Orc:2    | Found Doashol's Weapon Boutique.
 29402 | Orc:2    | Found Unagac's Jewellery Shop.
 29404 | Orc:2    | Found Yqemmop's Book Shop.
 29504 | Orc:2    | Found Sith's Magic Scroll Shoppe.
 29513 | Orc:2    | Bought a scroll of blinking for 105 gold pieces
 29513 | Orc:2    | Bought a scroll of enchant armour for 105 gold pieces
 29774 | Orc:2    | Bought a book of Armaments for 504 gold pieces
 29781 | Orc:2    | Learned a level 3 spell: Stone Arrow
 30124 | Shoals:1 | Entered Level 1 of the Shoals
 30151 | Shoals:1 | Found Duwat's Distillery.
 30439 | Shoals:1 | Reached skill level 1 in Earth Magic
 30548 | Shoals:1 | Noticed Donald
 30550 | Shoals:1 | Noticed Jorgrun
 30560 | Shoals:1 | Killed Donald
 30566 | Shoals:1 | Killed Jorgrun
 30927 | Shoals:1 | Reached XP level 16. HP: 139/139 MP: 24/24
 31736 | Shoals:2 | Identified the +0 scale mail of Repulsion {rF+ Int+2}
 31790 | Shoals:2 | Found Kitzijen's Antique Weapon Boutique.
 32351 | Shoals:3 | Noticed a kraken
 32368 | Shoals:3 | Killed a kraken
 32619 | Shoals:3 | Gained mutation: You are clumsy. (Dex -2) [Ru sacrifice]
 32619 | Shoals:3 | Reached ****** piety under Ru
 32956 | Shoals:3 | Noticed a kraken
 32977 | Shoals:3 | Killed a kraken
 33213 | Shoals:3 | Reached skill level 13 in Fire Magic
 33940 | Shoals:4 | Entered Level 4 of the Shoals
 33975 | Shoals:4 | Noticed a kraken
 34149 | Shoals:4 | Killed a kraken
 35168 | Shoals:4 | HP: 5/139 [merfolk javelineer/silver javelin (3)]
 36183 | Shoals:4 | Identified the ring "Vusuc" {rF+ rN+ Int+2 SInv}
 36784 | Shoals:4 | Got a barnacled rune of Zot
 37057 | Snake:1  | Entered Level 1 of the Snake Pit
 37077 | Snake:1  | Noticed Frances
 37101 | Snake:1  | Killed Frances
 37102 | Snake:1  | Reached XP level 17. HP: 127/146 MP: 18/26
 37870 | Snake:1  | Reached skill level 14 in Fire Magic
 39341 | D:13     | Found a gate to the Vaults.
 39445 | D:13     | Found Baqou's Jewellery Shoppe.
 39511 | D:13     | Noticed Sonja
 39515 | D:13     | Killed Sonja
 39605 | D:13     | Noticed Nessos
 39612 | D:13     | Killed Nessos
 40462 | D:14     | Noticed Snorg
 40480 | D:14     | Killed Snorg
 40561 | D:14     | Found a hide-covered altar of Uskayaw.
 40571 | D:14     | Noticed Kirke
 40579 | D:14     | Killed Kirke
 41116 | D:15     | Entered Level 15 of the Dungeon
 41229 | D:15     | Noticed Louise
 41248 | D:15     | Killed Louise
 41469 | D:15     | Found a bloodstained altar of Trog.
 41697 | D:15     | Reached skill level 10 in Spellcasting
 41809 | D:15     | Found a staircase to the Depths.
 42128 | D:15     | Reached skill level 15 in Fire Magic
 42610 | Snake:2  | Upgraded the game from 0.31-a0-631-g285b096dc4 to
                  | 0.32-a0-711-g016ad743e0
 42616 | Snake:2  | Quit the game

Illustrated notes

Levels and vault maps discovered:
D:1:      dpeg_arrival_orchard, layout_rooms
D:2:      layout_rooms, uniq_natasha, uniq_jessica
D:3:      layout_loops_ring, nemelex_diamond_rough_becter, serial_shops, shop,
          hellmonk_ecumenical_altar_slurped_away
D:4:      layout_gridville, grunt_temple_overflow_lords_of_destruction
D:5:      layout_loops_ring, glass_columns_b, grunt_decor_junction,
          minmay_misc_feat_hallway, chequers_decorated_corner
D:6:      nicolae_cairo_tiling_large, layout_basic, temple_statues,
          uniq_menkaure, uniq_duvessa, uniq_blork_the_orc
D:7:      layout_rooms, nicolae_overflow_hidden_temple,
          minmay_tree_intersection, minmay_hollow_rounded_squares
D:8:      layout_basic, due_lair_maze_entry_diamond, serial_shops, shop,
          kennysheep_generic_room_2, uniq_erica
D:9:      layout_cave_pods, enter_bailey_2
D:10:     minmay_the_grid_4x2 [minmay_the_grid_square_x,
          minmay_the_grid_odd_star, minmay_the_grid_pillar_ring,
          minmay_the_grid_dragon_b, minmay_the_grid_paths,
          minmay_the_grid_diamond_grid, minmay_the_grid_minigrid_large,
          minmay_the_grid_prize_four_corners_diamond_a], layout_stronghold,
          zin_scriptorium, kennysheep_generic_room_7
D:11:     minmay_cut_squares, layout_rooms, eino_tiny_chamber, hex_medium
D:12:     layout_loops_cross, minmay_orc_entry_temple_small, serial_bayou_lake_a
D:13:     layout_loops_cross, skrybe_vaults_entry_preservation, serial_shops,
          shop, uniq_sonja, uniq_nessos
D:14:     layout_irregular_city, hangedman_decor_growths, minivault_1,
          nicolae_uskayaw_dance_hall, uniq_kirke, uniq_snorg
D:15:     hellmonk_depths_entry_around_the_bend, layout_loops_ring,
          trog_three_pillars_becter, uniq_louise
Temple:   compressed_dpeg_triangle_lava_temple
Lair:1:   layout_cave_pods, chequers_serial_rivers_large_b, lemuel_fruit_tree,
          uniq_urug
Lair:2:   layout_cave_pods, minmay_snake_entry_guardpost_large,
          grunt_megastairs_2
Lair:3:   layout_hall_layers, nicolae_shoals_entry_flooding, grunt_megastairs_1
Lair:4:   nzn_winding_woodlands_medium [nzn_winding_woodlands_5x5_cross,
          nzn_winding_woodlands_5x15_pathside_ponds,
          nzn_winding_woodlands_5x5_open_star,
          nzn_winding_woodlands_5x5_closed_star,
          nzn_winding_woodlands_center_lodge, nzn_winding_woodlands_5x5_three,
          nzn_winding_woodlands_5x5_perimeter,
          nzn_winding_woodlands_5x15_parted, nzn_winding_woodlands_5x5_default],
          layout_regular_city, lightli_volcano_entry_magma_tube,
          gammafunk_ghost_arena, serial_bayou_shore_b, serial_bayou_shore_b
Lair:5:   due_jungle_book, layout_long_grid, minmay_slime_entry_oklob_open,
          serial_bayou_crossing
Shoals:1: layout_shoals, serial_shops, nicolae_diamond_shop, uniq_donald,
          uniq_jorgrun
Shoals:2: layout_shoals, serial_shops, shop
Shoals:3: layout_shoals
Shoals:4: shoals_end_hangedman, layout_shoals, nicolae_shoals_drake_roost
Snake:1:  layout_grid_shapes, grunt_megastairs_4, serial_bayou_shore_a,
          nicolae_triple_integral, uniq_frances
Snake:2:  layout_layer_cave, ebering_ghost_inner_flame, minmay_shop_star,
          uniq_aizul, uniq_asterion, uniq_agnes, uniq_roxanne
Orc:1:    layout_diamond_mine, uniq_harold
Orc:2:    hellmonk_orc_salted, layout_diamond_mine, serial_shops, shop

Skill      XL: |  1  2  3  4  5  6  7  8  9 10 11 12 13 14 15 16 17 |
---------------+----------------------------------------------------+-----
Dodging        | 3 5 7 9 11 12 13 | 13.0
Fighting       | 4 5 6 8 9 12 | 12.6
Short Blades   | 1 2 |  2.2
Shapeshifting  | 3 7 8 10 | 10.0
Stealth        | 2 0 |  0.0
Unarmed Combat | 4 5 |  5.0
Long Blades    | 6 7 9 11 12 13 | 13.9
Spellcasting   | 3 6 7 8 10 | 10.0
Transmutations | 4 6 |  0.0
Fire Magic     | 8 11 12 13 15 | 15.0
Conjurations   | 3 5 7 9 |  9.0
Shields        | 6 8 |  8.9
Earth Magic    | 1 2 |  2.0
Alchemy        | 4 |  4.2

Action                     |  1- 3 |  4- 6 |  7- 9 | 10-12 | 13-15 | 16-18 || total
---------------------------+-------+-------+-------+-------+-------+-------++-------
  Melee: Falchion          |    63 |       |       |   294 |  1491 |   645 ||  2493
         Tailslap          |     7 |    50 |    67 |    91 |   367 |   152 ||   734
         Dagger            |    31 |   274 |   158 |    10 |       |       ||   473
         Unarmed           |       |       |   121 |   124 |    16 |       ||   261
         Punch             |       |       |     3 |     4 |     2 |       ||     9
  Throw: Boomerang         |       |       |       |     4 |     7 |       ||    11
         Throwing net      |       |       |       |       |     2 |       ||     2
   Cast: Fugue of the Fall |       |       |       |     1 |    17 |     5 ||    23
         Sticky Flame      |       |       |       |       |   157 |   246 ||   403
         Stone Arrow       |       |       |       |       |     4 |    22 ||    26
         Starburst         |       |       |       |       |       |     2 ||     2
 Invoke: Sacrifice Essence |       |       |     1 |       |     1 |       ||     2
         Sacrifice Stealth |       |       |       |     1 |       |       ||     1
         Sacrifice Love    |       |       |       |     1 |       |       ||     1
         Power Leap        |       |       |       |       |    10 |    17 ||    27
         Draw Out Power    |       |       |       |       |     3 |     1 ||     4
         Sacrifice Artific |       |       |       |       |     1 |       ||     1
         Reject Sacrifices |       |       |       |       |     1 |       ||     1
         Sacrifice Arcana  |       |       |       |       |     1 |       ||     1
         Apocalypse        |       |       |       |       |       |     1 ||     1
         Sacrifice Purity  |       |       |       |       |       |     1 ||     1
Ability: Breathe Fire      |       |       |    21 |    28 |    77 |    58 ||   184
         Begin Untransform |       |       |       |     1 |     1 |       ||     2
  Evoke: Lightning rod     |       |       |       |     4 |     3 |       ||     7
         Wand              |       |       |       |     1 |     5 |       ||     6
         Phantom mirror    |       |       |       |     1 |       |       ||     1
         Phial of floods   |       |       |       |       |     1 |       ||     1
    Use: Scroll            |       |     9 |     8 |     9 |    11 |    12 ||    49
         Potion            |       |     1 |       |     3 |     8 |     4 ||    16
   Stab: Sleeping          |       |     1 |     6 |     1 |       |       ||     8
         Distracted        |       |       |       |     1 |     4 |     7 ||    12
         Invisible         |       |       |       |     1 |     9 |     4 ||    14
         Held in net/web   |       |       |       |       |     1 |       ||     1
         Paralysed         |       |       |       |       |     5 |     7 ||    12
         Petrified         |       |       |       |       |       |     3 ||     3
 Armour: Skin              |    35 |    65 |    77 |   157 |   415 |   111 ||   860
  Dodge: Dodged            |    59 |   138 |   156 |   424 |  1206 |   784 ||  2767
  Block: Buckler           |       |       |       |       |   127 |   273 ||   400
         Reflection        |       |       |       |       |     1 |    12 ||    13
         Kite shield       |       |       |       |       |       |    79 ||    79
   Form: Blade             |       |       |     1 |     1 |     1 |       ||     3
                           |       |       |       |     1 |       |       ||     1

Table legend: (Time is in decaauts)
 A = Elapsed time spent in this place.
 B = Non-inter-level travel time spent in this place.
 C = Inter-level travel time spent in this place.
 D = Time resting spent in this place.
 E = Time spent auto-exploring this place.
 F = Levels seen in this place.
 G = Mean time per level.
                   A        B        C        D        E       F      G
               +--------+--------+--------+--------+--------+-----+--------+
         Total |  42334 |  40139 |   2195 |   9263 |  21009 |  31 | 1365.6 |
       Dungeon |  18348 |  17241 |   1107 |   2776 |  10224 |  15 | 1223.2 |
        Temple |     22 |     22 |      0 |      0 |      0 |   1 |   22.0 |
          Lair |  11518 |  10925 |    593 |   2347 |   6021 |   5 | 2303.6 |
        Shoals |   7042 |   6812 |    230 |   2419 |   2930 |   4 | 1760.5 |
     Snake Pit |   1710 |   1592 |    118 |    584 |    655 |   2 |  855.0 |
  Orcish Mines |   2318 |   2172 |    146 |    505 |    953 |   2 | 1159.0 |
        Bailey |    441 |    441 |      0 |     58 |    106 |   1 |  441.0 |
       Volcano |    931 |    931 |      0 |    572 |    119 |   1 |  931.0 |
               +--------+--------+--------+--------+--------+-----+--------+

Top non-repeatable levels by time:
  Lair:5: 4649 daAuts
Shoals:3: 2527 daAuts
Shoals:4: 2344 daAuts
  Lair:4: 2219 daAuts
     D:9: 2038 daAuts
    D:10: 1953 daAuts
  Lair:1: 1763 daAuts
  Lair:2: 1742 daAuts
 Snake:1: 1697 daAuts
    D:12: 1693 daAuts
   Orc:2: 1688 daAuts
     D:8: 1504 daAuts
     D:6: 1463 daAuts
    D:13: 1407 daAuts
     D:7: 1262 daAuts
